 Dungeon Crawl Stone Soup version 0.31-a0-1537-g69dc257577 (webtiles) character file.

Game seed: 7488244457458923924

566 Pixllover the Cutter (level 7, -3/36 HPs)
             Began as a Vine Stalker Fighter on Jan 1, 2024.
             Slain by a lemure (4 damage)
             ... led by Pikel
             ... on level 4 of the Dungeon.
             The game lasted 00:06:49 (3180 turns).

Pixllover the Cutter (Vine Stalker Fighter)         Turns: 3180, Time: 00:06:50

Health: -3/36      AC: 14    Str: 27    XL:     7   Next: 32%
Magic:  0/8        EV:  7    Int:  8    God:
Gold:   91         SH:  5    Dex: 13    Spells: 6/6 levels left

rFire   . . .        a - +0 rapier
rCold   . . .        c - +0 buckler
rNeg    . . .        i - +0 plate armour
rPois   .            s - +0 helmet
rElec   .            (no cloak)
rCorr   .            e - +0 pair of gloves
SInv    .            (no boots)
Will    .....        k - amulet of magic regeneration Stlth
                     w - +6 ring of strength
HPRegen 1.06/turn    (no ring)
MPRegen 0.51/turn

%: guardian spirit
@: about to teleport
A: fangs 2, regeneration 1, magic shield, antimagic bite, no potion heal 2
a: no special abilities


You were on level 4 of the Dungeon.
You visited 1 branch of the dungeon, and saw 5 of its levels.

You collected 145 gold pieces.
You spent 54 gold pieces at shops.

Inventory:

Hand Weapons
 a - a +0 rapier (weapon)
Missiles
 v - 5 poisoned darts
Armour
 c - a +0 buckler (worn)
 e - a +0 pair of gloves (worn)
 i - a +0 plate armour (worn)
 o - the +1 ring mail of the Griffon {rElec rN+ Will++}
   (You found it on level 3 of the Dungeon)

   rElec:     It insulates you from electricity.
   rN+:       It protects you from negative energy.
   Will++:    It greatly increases your willpower.
 s - a +0 helmet (worn)
Jewellery
 k - an amulet of magic regeneration (around neck)
 t - a ring of magical power
 w - a +6 ring of strength (left hand)
Scrolls
 g - a scroll of teleportation
 l - a scroll of fog {unknown}
 n - a scroll of enchant weapon {unknown}
 p - a scroll of butterflies {unknown}
 r - a scroll of identify
Potions
 b - 3 potions of curing
 d - 4 potions of might
 f - a potion of degeneration
 h - a potion of ambrosia {unknown}
 j - a potion of haste {unknown}
 m - 2 potions of enlightenment
 q - a potion of lignification {unknown}
 u - a potion of mutation {unknown}


   Skills:
 + Level 3.6 Fighting
 * Level 5.2 Short Blades
 + Level 0.4 Throwing
 + Level 3.7 Armour
 + Level 0.8 Dodging
 + Level 3.4 Shields


You had 6 spell levels left.
You didn't know any spells.
Your spell library contained the following spells:

 Spells                   Type           Power      Damage    Failure   Level
 Apportation              Tloc           0%         N/A       100%        1
 Kiss of Death            Conj/Necr      0%         2d5       100%        1
 Jinxbite                 Hex            0%         N/A       100%        2
 Static Discharge         Conj/Air       0%         3-3/arc   100%        2
 Confusing Touch          Hex            0%         N/A       100%        3
 Inner Flame              Hex/Fire       0%         N/A       100%        3
 Summon Ice Beast         Ice/Summ       0%         N/A       100%        3
 Airstrike                Air            0%         2d(0-16)  100%        4
 Dispel Undead            Necr           0%         3d6       100%        4
 Flame Wave               Conj/Fire      0%         2d4       100%        4
 Sticky Flame             Fire/Alch      0%         2d4       100%        4
 Summon Lightning Spire   Summ/Air       0%         N/A       100%        4
 Alistair's Intoxication  Alch           0%         N/A       100%        5
 Summon Mana Viper        Hex/Summ       0%         N/A       100%        5
 Monstrous Menagerie      Summ           0%         N/A       100%        7


Dungeon Overview and Level Annotations

Branches:
Dungeon (5/15)
 Temple: D:4-7

Altars:
Vehumet
Wu Jian

Shops:
D:4 ?(*(   D:5 !

Annotations:
D:4 Pikel


Innate Abilities, Weirdness & Mutations

You have extremely sharp teeth.
Your natural rate of healing is unusually fast.
When hurt, damage is shared between your health and your magic reserves.
Your bite disrupts and absorbs the magic of your enemies.
Potions cannot restore your health.


Message History

Pikel freezes you. The lemure misses you.
The lemure hits you but does no damage.
You closely miss Pikel.
Pikel is lightly wounded.
Pikel hits you but does no damage. The lemure hits you.
The lemure hits you but does no damage.
You hit Pikel but do no damage. Your bite misses Pikel.
Pikel is lightly wounded.
Pikel hits you with a +1 whip of freezing!
* * * LOW HITPOINT WARNING * * *
Pikel freezes you.
* * * LOW HITPOINT WARNING * * *
The lemure hits you but does no damage. x2
The lemure hits you but does no damage. You block Pikel's attack.
The lemure closely misses you.
You climb upwards.
There is a stone staircase leading down here.
As you read the scroll of teleportation, it crumbles to dust.
You feel strangely unstable.
Pikel hits you with a +1 whip of freezing.
* * * LOW HITPOINT WARNING * * *
Pikel freezes you.
* * * LOW HITPOINT WARNING * * *
The lemure hits you.
* * * LOW HITPOINT WARNING * * *
The lemure closely misses you.
You hit Pikel but do no damage. Your bite misses Pikel.
Pikel is lightly wounded.
Pikel hits you with a +1 whip of freezing.
Pikel freezes you.
* * * LOW HITPOINT WARNING * * *
The lemure barely misses you. The lemure hits you but does no damage.
You barely miss Pikel. Your bite misses Pikel.
Pikel is lightly wounded.
Pikel hits you with a +1 whip of freezing.
* * * LOW HITPOINT WARNING * * *
Pikel freezes you.
* * * LOW HITPOINT WARNING * * *
The lemure hits you but does no damage. The lemure hits you.
You die...

.....## #..##
#....## ##.. ......#
#.#.# #.....## #..
......# ##...##
##......# ##.
......# #.....#
#.......## #.
....†#### ##.....#
#........# ##
........###......#
#........## #
....###..........#
#.........# ....#
#####....55#
#.........## #.###
##....@#
#..........# ###
#...K## #..........#
#....# #..........##
##...# #............
##..## ##...........
##..#####...........
##.##..............
##....####........
##...#####....#####


You could see Pikel and 2 lemures.

Vanquished Creatures
  Sigmund (D:3)
  2 ogres
  2 lemures (D:5)
  A hound (D:4)
  2 iguanas (D:4)
  5 gnolls
  3 adders
  A dart slug (D:2)
  4 orcs (D:3)
  4 ball pythons
  9 endoplasms
  3 giant cockroaches
  10 goblins
  6 hobgoblins
  A quokka (D:2)
  9 bats
  4 frilled lizards
  6 kobolds
  11 rats
84 creatures vanquished.

Notes
Turn   | Place    | Note
-------+----------+-------------------------------------------
     0 | D:1      | Pixllover the Vine Stalker Fighter began the quest for the
                  | Orb.
     0 | D:1      | Reached XP level 1. HP: 11/11 MP: 2/2
    64 | D:1      | Reached XP level 2. HP: 16/16 MP: 3/3
   285 | D:1      | Reached XP level 3. HP: 19/19 MP: 4/4
   475 | D:2      | Reached skill level 2 in Short Blades
   523 | D:2      | Found a faded altar of an unknown god.
  1035 | D:2      | Reached XP level 4. HP: 24/24 MP: 5/5
  1178 | D:3      | Noticed Sigmund
  1224 | D:3      | Killed Sigmund
  1225 | D:3      | Reached skill level 3 in Short Blades
  1225 | D:3      | Reached XP level 5. HP: 28/28 MP: 2/6
  1315 | D:3      | Reached XP level 6. HP: 31/32 MP: 7/7
  1580 | D:3      | Identified the +1 ring mail of the Griffon {rElec rN+
                  | Will++}
  1992 | D:3      | Reached skill level 4 in Short Blades
  2143 | D:4      | Found Cuofoif's Assorted Antiques.
  2152 | D:4      | Bought a scroll of identify for 54 gold pieces
  2197 | D:4      | Found Inielo's Antique Weapon Shop.
  2526 | D:4      | Found Izxis's Weapon Emporium.
  2606 | D:4      | Reached XP level 7. HP: 30/36 MP: 6/8
  2696 | D:4      | Found a radiant altar of Vehumet.
  2848 | D:4      | Found an ornate altar of the Wu Jian Council.
  2890 | D:4      | Found Kyfaf's Magic Scroll Shop.
  3103 | D:5      | Entered Level 5 of the Dungeon
  3103 | D:5      | Found Qibrirchez's Distillery.
  3118 | D:5      | Noticed Pikel
  3162 | D:5      | Reached skill level 5 in Short Blades
  3180 | D:4      | HP: 1/36 [Pikel/+1 whip of freezing (1)]
  3180 | D:4      | Slain by a lemure

Illustrated notes

Levels and vault maps discovered:
D:1:      wander_arrival_chamber, layout_rooms
D:2:      layout_loops_ring, shapermc_ecumenical_altar_mp_ritualfount
D:3:      minmay_chambers_of_threes, layout_basic, uniq_sigmund
D:4:      layout_cave_pods, mainiacjoe_overflow_alcove_2, vehumet_crystals,
          serial_shops, shop, nicolae_lakefront_shop, nicolae_shop_hallway_plus,
          shop
D:5:      layout_basic, grunt_temple_overflow_diamond,
          minmay_temple_entry_fiery, serial_shops, shop, uniq_pikel

Skill      XL: |  1  2  3  4  5  6  7 |
---------------+----------------------+-----
Shields        | 3 |  3.4
Short Blades   | 2 3 4 5 |  5.2
Fighting       | 3 |  3.6
Armour         | 3 |  3.7
Throwing       | |  0.4
Dodging        | |  0.8

Action                     |  1- 3 |  4- 6 |  7- 9 || total
---------------------------+-------+-------+-------++-------
  Melee: Rapier            |    94 |   109 |    83 ||   286
         Bite              |    28 |    34 |    18 ||    80
  Throw: Dart              |       |     5 |     1 ||     6
    Use: Scroll            |     5 |     3 |     1 ||     9
 Armour: Scale mail        |    32 |       |       ||    32
         Plate armour      |    17 |    32 |    52 ||   101
         Ring mail         |       |    49 |    16 ||    65
  Dodge: Dodged            |    23 |    48 |    28 ||    99
  Block: Buckler           |    19 |    22 |    13 ||    54

Table legend: (Time is in decaauts)
 A = Elapsed time spent in this place.
 B = Non-inter-level travel time spent in this place.
 C = Inter-level travel time spent in this place.
 D = Time resting spent in this place.
 E = Time spent auto-exploring this place.
 F = Levels seen in this place.
 G = Mean time per level.
                   A        B        C        D        E       F      G
               +--------+--------+--------+--------+--------+-----+--------+
         Total |   3195 |   3084 |    111 |      2 |   2097 |   5 |  639.0 |
       Dungeon |   3195 |   3084 |    111 |      2 |   2097 |   5 |  639.0 |
               +--------+--------+--------+--------+--------+-----+--------+

Top non-repeatable levels by time:
     D:4: 1001 daAuts
     D:3: 908 daAuts
     D:2: 735 daAuts
     D:1: 478 daAuts
     D:5: 71 daAuts
